Stars vs Golden Knights
(R1)
Created - May 24, 2021 at 19:07
Goals
|
| Stars |
0 |
2 |
1 |
3 |
| Golden Knights |
2 |
3 |
2 |
7 |
|
Shots
|
| Stars |
8 |
10 |
6 |
24 |
| Golden Knights |
6 |
16 |
11 |
33 |
|
1st period
1. Golden Knights , Jared Cowen 2 (Michael Frolik 16, Andrei Loktionov 3) at 6:13 (PP)
2. Golden Knights , Jared Cowen 3 (Thomas Vanek 4, Michael Frolik 17) at 19:07 (PP)
Penalties :
Shane O'Brien (Dal) for Roughing (Minor) at 6:00, Cory Emmerton (Dal) for High sticking (Minor) at 19:03
2nd period
3. Golden Knights , Jared Cowen 4 (Thomas Vanek 5, Wayne Simmonds 6) at 3:20
4. Stars , Jussi Jokinen 4 (Alex Chiasson 5, Brian Lee 3) at 4:35 (PP)
5. Stars , B.J. Crombeen 2 (Alexander Frolov 3, Cory Emmerton 5) at 6:41
6. Golden Knights , Michael Kostka 3 (Patrice Cormier 6) at 8:15
7. Golden Knights , Michael Frolik 6 (Zach Bogosian 8, Andrei Loktionov 4) at 19:00 (PP)
Penalties :
Nathan Horton (Vgs) for Hooking (Minor) at 4:27, Mathew Dumba (Vgs) for Elbowing (Minor) at 8:44, Patrice Cormier (Vgs) for Charging (Minor) at 11:27, Brian Lee (Dal) for Roughing (Minor) at 17:38
3rd period
8. Golden Knights , Patrice Cormier 2 (Zach Bogosian 9, Wayne Simmonds 7) at 10:36
9. Stars , Brian Lee 3 (Guillaume Latendresse 7, John Tavares 9) at 11:30
10. Golden Knights , Nathan Horton 3 (Shawn Matthias 1) at 16:54
Penalties :
Boris Valabik (Dal) for Roughing (Minor) at 7:20, Vladimir Zharkov (Vgs) for Hooking (Minor) at 11:53, Ted Purcell (Dal) for Hooking (Minor) at 14:41, Nathan Horton (Vgs) for Fighting (Major) at 17:07, Shane O'Brien (Dal) for Fighting (Major) at 17:07
Goalie Stats
Matt Murray (Dal), 12 saves from 15 shots - (0.800), 31:45 minutes
Cory Schneider (Dal), 14 saves from 18 shots - (0.778), L, 2-3-1, 28:15 minutes
Matt Hackett (Vgs), 21 saves from 24 shots - (0.875), W, 2-0-0, 60:00 minutes
Players Stats for Stars
Player Name G A P +/- PIM S H SB GA TA FO MP PP MP PK MP
------------------------------------------------------------------------------------
Alex Chiasson 0 1 1 -2 0 1 0 0 0 0 0/0 16:24 2:48 0:00
Alexander Frolov 0 1 1 1 0 0 2 0 0 0 0/0 11:16 0:05 0:54
Antoine Vermette 0 0 0 -3 0 2 2 0 2 0 5/17 16:46 2:48 0:08
B.J. Crombeen 1 0 1 1 0 1 1 0 0 0 0/0 10:04 0:04 0:00
Boris Valabik 0 0 0 -2 2 1 0 0 0 1 0/0 19:24 2:20 1:42
Brian Lee 1 1 2 1 2 3 3 3 1 0 0/0 28:14 3:45 2:37
Cam Atkinson 0 0 0 0 0 0 0 0 0 0 0/0 7:37 0:00 0:00
Cory Emmerton 0 1 1 1 2 0 1 0 0 0 1/1 10:16 0:05 0:00
Evgeny Grachev 0 0 0 0 0 0 1 0 1 0 2/4 9:03 0:00 1:26
Guillaume Latendresse 0 1 1 -1 0 2 2 1 0 0 1/1 23:00 3:12 3:00
Ian White 0 0 0 1 0 4 2 0 0 0 0/0 28:57 3:45 3:04
John Tavares 0 1 1 0 0 3 1 0 4 1 16/30 23:14 3:13 3:10
Jussi Jokinen 1 0 1 -2 0 3 2 0 0 1 0/2 17:42 2:48 1:18
Michael Grabner 0 0 0 0 0 2 1 0 0 1 1/2 21:04 3:12 1:18
Paul Ladue 0 0 0 -1 0 1 0 0 1 0 0/0 12:38 0:00 1:31
Shane O'Brien 0 0 0 -2 7 0 1 0 0 1 0/0 19:20 2:20 2:20
Ted Purcell 0 0 0 -1 2 1 1 0 0 0 0/0 7:50 0:00 0:00
Tyson Barrie 0 0 0 -1 0 0 1 1 0 0 0/0 11:28 0:00 0:00
Players Stats for Golden Knights
Player Name G A P +/- PIM S H SB GA TA FO MP PP MP PK MP
------------------------------------------------------------------------------------
Andrei Loktionov 0 2 2 0 0 2 3 0 0 0 8/14 14:35 3:50 0:00
Chris Tierney 0 0 0 1 0 0 1 0 0 0 8/16 16:09 0:00 1:48
Ilya Kovalchuk 0 0 0 -2 0 1 0 0 0 0 0/1 17:41 1:47 1:23
Jared Cowen 3 0 3 1 0 5 1 0 1 2 0/0 24:32 3:46 3:18
Mathew Dumba 0 0 0 2 2 1 2 1 1 2 0/0 17:55 0:18 2:00
Matt Stajan 0 0 0 -2 0 1 1 1 0 0 7/12 18:11 1:47 1:37
Michael Frolik 1 2 3 -2 0 7 2 1 1 0 4/7 21:50 3:50 3:25
Michael Kostka 1 0 1 1 0 2 1 2 0 0 0/0 19:52 1:51 3:20
Nathan Horton 1 0 1 3 7 2 1 0 1 1 0/0 8:11 0:00 0:00
Patrice Cormier 1 1 2 3 2 1 1 0 0 0 2/4 8:40 0:00 0:00
Sergei Plotnikov 0 0 0 0 0 1 0 0 0 1 0/0 13:47 0:00 3:09
Shawn Matthias 0 1 1 3 0 1 1 1 0 0 0/0 8:41 0:00 0:00
Thomas Vanek 0 2 2 1 0 5 5 0 0 0 2/2 17:58 3:50 0:00
Vladimir Mihalik 0 0 0 0 0 0 0 1 0 1 0/0 16:22 0:00 0:13
Vladimir Zharkov 0 0 0 0 2 0 1 0 0 0 0/0 12:00 0:00 0:48
Wayne Simmonds 0 2 2 1 0 1 1 0 0 1 0/1 15:52 1:47 0:00
Wes O'Neill 0 0 0 0 0 0 2 4 0 1 0/0 21:41 1:51 3:06
Zach Bogosian 0 2 2 0 0 3 4 0 1 0 0/0 19:53 3:28 0:13
3 Stars
1 - Jared Cowen (Vgs)
2 - Patrice Cormier (Vgs)
3 - Thomas Vanek (Vgs)
Power Play
Stars - 1 on 4 Attempt(s) - 25.00%
Golden Knights - 3 on 5 Attempt(s) - 60.00%
Penalty Kill
Stars - 2 on 5 Attempt(s) - 40.00%
- Score 0 goal in Penalty Kill
Golden Knights - 3 on 4 Attempt(s) - 75.00%
- Score 0 goal in Penalty Kill
Team Stat
Stars - Hits : 21 - Faceoff Wins : 26 - Blocked Shots : 5 - Penalty Minutes : 15
Golden Knights - Hits : 27 - Faceoff Wins : 31 - Blocked Shots : 11 - Penalty Minutes : 13
Official
Referees : Unknown
Linesman : Unknown
Game Notes
Jared Cowen has scored a Hat Trick!
Matt Murray enters game at 8:15 of 2nd period
19:00 of 2nd period - Golden Knights goal is going for a video replay. After video review, Goal.
Nathan Horton and Shane O'Brien fight to a draw at 17:07 of 3rd period
Finance
Level 1 -- Attendance: 6000 (100.00%) -- Ticket Income $558,000
Level 2 -- Attendance: 5000 (100.00%) -- Ticket Income $295,000
Level 3 -- Attendance: 2000 (100.00%) -- Ticket Income $78,000
Level 4 -- Attendance: 4000 (100.00%) -- Ticket Income $108,000
Luxury Box -- Attendance: 1000 (100.00%) -- Ticket Income $160,000
Game was played at the Duff Garden.
Total Attendance: 18000 (100.00%)
Total Ticket Income: $1,199,000
Other Income: $179,850
Total Income: $1,378,850
Stars
5 vs 5 Forward
Center Left Wing Right Wing Time % Phy DF OF
1 John Tavares Guillaume Latendresse Michael Grabner 40 1 2 2
2 Antoine Vermette Jussi Jokinen Alex Chiasson 30 1 2 2
3 Cory Emmerton Alexander Frolov B.J. Crombeen 20 1 2 2
4 Evgeny Grachev Ted Purcell Cam Atkinson 10 1 2 2
5 vs 5 Defense
Defense Defense Time % Phy DF OF
1 Ian White Brian Lee 40 1 2 2
2 Shane O'Brien Boris Valabik 30 1 2 2
3 Tyson Barrie Paul Ladue 20 1 2 2
4 Ian White Brian Lee 10 1 2 2
PowerPlay Forward
Center Left Wing Right Wing Time % Phy DF OF
1 John Tavares Guillaume Latendresse Michael Grabner 60 0 1 4
2 Antoine Vermette Jussi Jokinen Alex Chiasson 40 0 1 4
PowerPlay Defense
Defense Defense Time % Phy DF OF
1 Ian White Brian Lee 60 0 1 4
2 Shane O'Brien Boris Valabik 40 0 1 4
Penalty Kill 4 Players Forward
Center Wing Time % Phy DF OF
1 John Tavares Guillaume Latendresse 60 0 3 2
2 Jussi Jokinen Michael Grabner 40 0 3 2
Penalty Kill 4 Players Defense
Defense Defense Time % Phy DF OF
1 Ian White Brian Lee 60 0 3 2
2 Shane O'Brien Boris Valabik 40 0 3 2
Penalty Kill - 3 Players Forward
Forward Time % Phy DF OF
1 John Tavares 60 0 3 2
2 Guillaume Latendresse 40 0 3 2
Penalty Kill - 3 Players Defense
Defense Defense Time % Phy DF OF
1 Ian White Brian Lee 60 0 3 2
2 Shane O'Brien Boris Valabik 40 0 3 2
4 vs 4 Forward
Center Wing Time % Phy DF OF
1 John Tavares Guillaume Latendresse 60 0 2 3
2 Jussi Jokinen Michael Grabner 40 0 2 3
4 vs 4 Defense
Defense Defense Time % Phy DF OF
1 Ian White Brian Lee 60 0 2 3
2 Shane O'Brien Boris Valabik 40 0 2 3
Last Minutes Offensive
Center Left Wing Right Wing Defense Defense
John Tavares Guillaume Latendresse Michael Grabner Ian White Brian Lee
Last Minutes Defensive
Center Left Wing Right Wing Defense Defense
John Tavares Guillaume Latendresse Michael Grabner Ian White Brian Lee
Goaltenders
Starting : Cory Schneider
Backup : Matt Murray
Extra Forwards
Normal : Alexander Frolov, Cory Emmerton, Evgeny Grachev - PP : Alexander Frolov, Cory Emmerton - PK : Evgeny Grachev
Extra Defensemen
Normal : Tyson Barrie, Paul Ladue, Shane O'Brien - PP : Tyson Barrie - PK : Paul Ladue, Shane O'Brien
Penalty Shots
John Tavares, Guillaume Latendresse, Jussi Jokinen, Michael Grabner, Antoine Vermette
Scratches
Andrej Sustr (Healthy), Damien Brunner (Healthy)
Golden Knights
5 vs 5 Forward
Center Left Wing Right Wing Time % Phy DF OF
1 Matt Stajan Ilya Kovalchuk Michael Frolik 30 1 2 2
2 Chris Tierney Thomas Vanek Wayne Simmonds 30 1 2 2
3 Andrei Loktionov Sergei Plotnikov Vladimir Zharkov 23 1 2 2
4 Patrice Cormier Shawn Matthias Nathan Horton 17 1 2 2
5 vs 5 Defense
Defense Defense Time % Phy DF OF
1 Wes O'Neill Jared Cowen 35 1 2 2
2 Zach Bogosian Vladimir Mihalik 33 1 2 2
3 Michael Kostka Mathew Dumba 32 1 2 2
4 Zach Bogosian Jared Cowen 0 1 2 2
PowerPlay Forward
Center Left Wing Right Wing Time % Phy DF OF
1 Andrei Loktionov Thomas Vanek Michael Frolik 60 1 2 2
2 Matt Stajan Ilya Kovalchuk Wayne Simmonds 40 1 2 2
PowerPlay Defense
Defense Defense Time % Phy DF OF
1 Zach Bogosian Jared Cowen 60 1 2 2
2 Michael Kostka Wes O'Neill 40 1 2 2
Penalty Kill 4 Players Forward
Center Wing Time % Phy DF OF
1 Michael Frolik Sergei Plotnikov 60 1 2 2
2 Chris Tierney Matt Stajan 40 1 2 2
Penalty Kill 4 Players Defense
Defense Defense Time % Phy DF OF
1 Wes O'Neill Mathew Dumba 50 1 2 2
2 Michael Kostka Jared Cowen 50 1 2 2
Penalty Kill - 3 Players Forward
Forward Time % Phy DF OF
1 Michael Frolik 60 1 2 2
2 Ilya Kovalchuk 40 1 2 2
Penalty Kill - 3 Players Defense
Defense Defense Time % Phy DF OF
1 Zach Bogosian Jared Cowen 60 1 2 2
2 Mathew Dumba Vladimir Mihalik 40 1 2 2
4 vs 4 Forward
Center Wing Time % Phy DF OF
1 Michael Frolik Ilya Kovalchuk 60 1 2 2
2 Nathan Horton Matt Stajan 40 1 2 2
4 vs 4 Defense
Defense Defense Time % Phy DF OF
1 Zach Bogosian Jared Cowen 50 1 2 2
2 Michael Kostka Vladimir Mihalik 50 1 2 2
Last Minutes Offensive
Center Left Wing Right Wing Defense Defense
Andrei Loktionov Ilya Kovalchuk Vladimir Zharkov Zach Bogosian Jared Cowen
Last Minutes Defensive
Center Left Wing Right Wing Defense Defense
Matt Stajan Sergei Plotnikov Michael Frolik Zach Bogosian Jared Cowen
Goaltenders
Starting : Matt Hackett
Backup : Ondrej Pavelec
Extra Forwards
Normal : Nathan Horton, Thomas Vanek, Vladimir Zharkov - PP : Thomas Vanek, Patrice Cormier - PK : Vladimir Zharkov
Extra Defensemen
Normal : Wes O'Neill, Mathew Dumba, Michael Kostka - PP : Wes O'Neill - PK : Mathew Dumba, Michael Kostka
Penalty Shots
Michael Frolik, Ilya Kovalchuk, Andrei Loktionov, Matt Stajan, Thomas Vanek
Scratches
None
% Time on Ice - Stars
Lines # - Real PCT - Wanted PCT - Time Play
Normal Forward
1 - 36% - 40% - 17:20
2 - 28% - 30% - 13:36
3 - 20% - 20% - 9:45
4 - 16% - 10% - 7:37
Normal Defense
1 - 39% - 40% - 18:52
2 - 32% - 30% - 15:33
3 - 22% - 20% - 10:52
4 - 6% - 10% - 3:01
PP Forward
1 - 54% - 60% - 3:17
2 - 46% - 40% - 2:48
PP Defense
1 - 62% - 60% - 3:45
2 - 38% - 40% - 2:20
PK Forward
1 - 77% - 60% - 4:19
2 - 23% - 40% - 1:18
PK Defense
1 - 48% - 60% - 2:43
2 - 52% - 40% - 2:54
PK3 Forward
1 - 0% - 60%
2 - 0% - 40%
PK3 Defense
1 - 0% - 60%
2 - 0% - 40%
44 Forward
1 - 0% - 60%
2 - 0% - 40%
44 Defense
1 - 0% - 60%
2 - 0% - 40%
Last Minute Offensive - 0:00
Last Minute Defensive - 0:00
Total
Forward - 60:00
Defense - 60:00
|
% Time on Ice - Golden Knights
Lines # - Real PCT - Wanted PCT - Time Play
Normal Forward
1 - 30% - 30% - 14:38
2 - 30% - 30% - 14:21
3 - 22% - 23% - 10:38
4 - 18% - 17% - 8:41
Normal Defense
1 - 36% - 35% - 17:12
2 - 33% - 33% - 15:55
3 - 31% - 32% - 15:08
4 - 0% - 0% - 0:03
PP Forward
1 - 68% - 60% - 3:50
2 - 32% - 40% - 1:47
PP Defense
1 - 67% - 60% - 3:46
2 - 33% - 40% - 1:51
PK Forward
1 - 75% - 60% - 4:32
2 - 25% - 40% - 1:33
PK Defense
1 - 55% - 50% - 3:19
2 - 45% - 50% - 2:46
PK3 Forward
1 - 0% - 60%
2 - 0% - 40%
PK3 Defense
1 - 0% - 60%
2 - 0% - 40%
44 Forward
1 - 0% - 60%
2 - 0% - 40%
44 Defense
1 - 0% - 50%
2 - 0% - 50%
Last Minute Offensive - 0:00
Last Minute Defensive - 0:00
Total
Forward - 60:00
Defense - 60:00
|
Play-by-Play
1st period
0:01 of 1st period - Guillaume Latendresse wins face-off versus Matt Stajan in neutral zone.
0:17 of 1st period - Off-side.
0:18 of 1st period - Antoine Vermette wins face-off versus Chris Tierney in neutral zone.
0:45 of 1st period - Boris Valabik is hit by Zach Bogosian and loses puck.
1:16 of 1st period - Snap shot by Nathan Horton.
1:16 of 1st period - Shot Misses the Net.
1:36 of 1st period - Snap shot by Tyson Barrie.
1:36 of 1st period - Shot Misses the Net.
2:35 of 1st period - Paul Ladue is hit by Shawn Matthias and loses puck.
2:44 of 1st period - Wrist shot by Nathan Horton.
2:44 of 1st period - Shot Misses the Net.
3:50 of 1st period - Wrist shot by John Tavares.
3:50 of 1st period - Stopped by Matt Hackett with a rebound.
3:52 of 1st period - Backhand shot by Guillaume Latendresse.
3:52 of 1st period - Shot Misses the Net.
4:18 of 1st period - Zach Bogosian is hit by Cory Emmerton and loses puck.
4:36 of 1st period - Icing by Ian White.
4:37 of 1st period - Chris Tierney wins face-off versus Jussi Jokinen in Stars zone.
4:48 of 1st period - Backhand shot by Antoine Vermette.
4:48 of 1st period - Shot Misses the Net.
5:16 of 1st period - Guillaume Latendresse is hit by Mathew Dumba and loses puck.
6:00 of 1st period - Minor Penalty to Shane O'Brien for Roughing.
6:01 of 1st period - John Tavares wins face-off versus Andrei Loktionov in Stars zone.
6:11 of 1st period - Slapshot by Michael Frolik.
6:11 of 1st period - Stopped by Cory Schneider with a rebound.
6:13 of 1st period - Slapshot by Jared Cowen.
6:13 of 1st period - Deflect By Boris Valabik.
6:13 of 1st period - Goal by Jared Cowen - Stars : 0 - Golden Knights : 1.
6:14 of 1st period - John Tavares wins face-off versus Chris Tierney in neutral zone.
6:31 of 1st period - Wrist shot by Michael Grabner.
6:31 of 1st period - Shot Misses the Net.
6:45 of 1st period - Guillaume Latendresse is hit by Zach Bogosian and loses puck.
7:37 of 1st period - Snap shot by Ted Purcell.
7:37 of 1st period - Stopped by Matt Hackett without a rebound.
7:38 of 1st period - Chris Tierney wins face-off versus Evgeny Grachev in Golden Knights zone.
7:38 of 1st period - Chris Tierney is hit by Shane O'Brien.
8:04 of 1st period - Wes O'Neill is hit by Antoine Vermette and loses puck.
8:36 of 1st period - Icing by Vladimir Zharkov.
8:37 of 1st period - Andrei Loktionov wins face-off versus John Tavares in Golden Knights zone.
9:30 of 1st period - Mathew Dumba is hit by Alexander Frolov and loses puck.
9:53 of 1st period - Wrist shot by Guillaume Latendresse.
9:53 of 1st period - Shot Misses the Net.
11:09 of 1st period - Tyson Barrie is hit by Michael Frolik and loses puck.
11:28 of 1st period - Paul Ladue is hit by Wes O'Neill and loses puck.
11:49 of 1st period - Evgeny Grachev is hit by Patrice Cormier and loses puck.
11:56 of 1st period - Snap shot by Nathan Horton.
11:56 of 1st period - Stopped by Cory Schneider without a rebound.
11:57 of 1st period - Matt Stajan wins face-off versus John Tavares in Stars zone.
12:18 of 1st period - Icing by Boris Valabik.
12:19 of 1st period - Thomas Vanek wins face-off versus John Tavares in Stars zone.
12:34 of 1st period - Shane O'Brien is hit by Wes O'Neill and loses puck.
12:43 of 1st period - Slapshot by Guillaume Latendresse.
12:43 of 1st period - Shot Misses the Net.
13:09 of 1st period - Snap shot by John Tavares.
13:09 of 1st period - Shot Misses the Net.
13:11 of 1st period - Snap shot by Boris Valabik.
13:11 of 1st period - Stopped by Matt Hackett without a rebound.
13:12 of 1st period - Chris Tierney wins face-off versus Antoine Vermette in Golden Knights zone.
13:21 of 1st period - Antoine Vermette is hit by Thomas Vanek and loses puck.
13:47 of 1st period - Michael Kostka is hit by B.J. Crombeen and loses puck.
14:06 of 1st period - Zach Bogosian is hit by Evgeny Grachev and loses puck.
14:55 of 1st period - Ian White is hit by Wayne Simmonds and loses puck.
15:10 of 1st period - Slapshot by Brian Lee.
15:10 of 1st period - Stopped by Matt Hackett without a rebound.
15:11 of 1st period - Evgeny Grachev wins face-off versus Andrei Loktionov in Golden Knights zone.
15:47 of 1st period - Michael Grabner is hit by Thomas Vanek and loses puck.
16:29 of 1st period - Snap shot by Michael Frolik.
16:29 of 1st period - Stopped by Cory Schneider with a rebound.
16:52 of 1st period - Icing by Matt Stajan.
16:53 of 1st period - Matt Stajan wins face-off versus John Tavares in Golden Knights zone.
16:59 of 1st period - Off-side.
17:00 of 1st period - John Tavares wins face-off versus Chris Tierney in neutral zone.
17:05 of 1st period - Slapshot by Ian White.
17:05 of 1st period - Stopped by Matt Hackett with a rebound.
17:27 of 1st period - Guillaume Latendresse is hit by Andrei Loktionov and loses puck.
17:36 of 1st period - Sergei Plotnikov is hit by Brian Lee and loses puck.
18:05 of 1st period - Snap shot by John Tavares.
18:05 of 1st period - Stopped by Matt Hackett with a rebound.
18:07 of 1st period - Wrist shot by Ian White.
18:07 of 1st period - Deflect By Wayne Simmonds.
18:07 of 1st period - Stopped by Matt Hackett with a rebound.
18:11 of 1st period - Slapshot by John Tavares.
18:11 of 1st period - Shot Misses the Net.
18:13 of 1st period - Snap shot by Michael Grabner.
18:13 of 1st period - Shot Misses the Net.
18:17 of 1st period - Wrist shot by Michael Grabner.
18:17 of 1st period - Stopped by Matt Hackett without a rebound.
18:18 of 1st period - Matt Stajan wins face-off versus Antoine Vermette in Golden Knights zone.
19:03 of 1st period - Minor Penalty to Cory Emmerton for High sticking.
19:04 of 1st period - Michael Frolik wins face-off versus John Tavares in Stars zone.
19:05 of 1st period - Wrist shot by Thomas Vanek.
19:05 of 1st period - Stopped by Cory Schneider with a rebound.
19:07 of 1st period - Slapshot by Jared Cowen.
19:07 of 1st period - Goal by Jared Cowen - Stars : 0 - Golden Knights : 2.
19:08 of 1st period - John Tavares wins face-off versus Chris Tierney in neutral zone.
19:21 of 1st period - Snap shot by Thomas Vanek.
19:21 of 1st period - Shot Blocked by Brian Lee.
19:23 of 1st period - Wrist shot by Vladimir Mihalik.
19:23 of 1st period - Shot Misses the Net.
19:25 of 1st period - Slapshot by Vladimir Mihalik.
19:25 of 1st period - Shot Blocked by Brian Lee.
19:38 of 1st period - Off-side.
19:39 of 1st period - Patrice Cormier wins face-off versus Antoine Vermette in neutral zone.
19:59 of 1st period - Snap shot by Nathan Horton.
19:59 of 1st period - Shot Misses the Net.
Goals for this period are 0 for Stars vs 2 for Golden Knights.
Shots for this period are 8 for Stars vs 6 for Golden Knights.
2nd period
0:01 of 2nd period - John Tavares wins face-off versus Matt Stajan in neutral zone.
0:06 of 2nd period - Slapshot by Brian Lee.
0:06 of 2nd period - Stopped by Matt Hackett with a rebound.
0:08 of 2nd period - Slapshot by Brian Lee.
0:08 of 2nd period - Deflect By Guillaume Latendresse.
0:08 of 2nd period - Stopped by Matt Hackett without a rebound.
0:09 of 2nd period - John Tavares wins face-off versus Matt Stajan in Golden Knights zone.
0:16 of 2nd period - Snap shot by John Tavares.
0:16 of 2nd period - Shot Blocked by Michael Frolik.
0:18 of 2nd period - Slapshot by Brian Lee.
0:18 of 2nd period - Shot Blocked by Wes O'Neill.
0:34 of 2nd period - Snap shot by Guillaume Latendresse.
0:34 of 2nd period - Stopped by Matt Hackett without a rebound.
0:35 of 2nd period - Andrei Loktionov wins face-off versus Antoine Vermette in Golden Knights zone.
1:27 of 2nd period - Vladimir Mihalik is hit by Michael Grabner and loses puck.
1:34 of 2nd period - Snap shot by Guillaume Latendresse.
1:34 of 2nd period - Shot Blocked by Matt Stajan.
1:55 of 2nd period - Vladimir Zharkov is hit by Guillaume Latendresse and loses puck.
2:04 of 2nd period - Wrist shot by John Tavares.
2:04 of 2nd period - Shot Blocked by Michael Kostka.
2:06 of 2nd period - Slapshot by Ian White.
2:06 of 2nd period - Stopped by Matt Hackett with a rebound.
2:46 of 2nd period - Slapshot by Michael Kostka.
2:46 of 2nd period - Stopped by Cory Schneider with a rebound.
3:08 of 2nd period - Slapshot by Sergei Plotnikov.
3:08 of 2nd period - Stopped by Cory Schneider without a rebound.
3:09 of 2nd period - Chris Tierney wins face-off versus Antoine Vermette in Stars zone.
3:16 of 2nd period - Wrist shot by Thomas Vanek.
3:16 of 2nd period - Stopped by Cory Schneider with a rebound.
3:18 of 2nd period - Slapshot by Thomas Vanek.
3:18 of 2nd period - Shot Misses the Net.
3:20 of 2nd period - Slapshot by Jared Cowen.
3:20 of 2nd period - Goal by Jared Cowen - Stars : 0 - Golden Knights : 3.
3:21 of 2nd period - Chris Tierney wins face-off versus Antoine Vermette in neutral zone.
4:27 of 2nd period - Minor Penalty to Nathan Horton for Hooking.
4:28 of 2nd period - Michael Frolik wins face-off versus Jussi Jokinen in Golden Knights zone.
4:35 of 2nd period - Wrist shot by Jussi Jokinen.
4:35 of 2nd period - Goal by Jussi Jokinen - Stars : 1 - Golden Knights : 3.
4:36 of 2nd period - Antoine Vermette wins face-off versus Wayne Simmonds in neutral zone.
4:38 of 2nd period - Off-side.
4:39 of 2nd period - Chris Tierney wins face-off versus Antoine Vermette in neutral zone.
4:44 of 2nd period - Snap shot by Thomas Vanek.
4:44 of 2nd period - Stopped by Cory Schneider with a rebound.
5:17 of 2nd period - Wrist shot by Ilya Kovalchuk.
5:17 of 2nd period - Stopped by Cory Schneider with a rebound.
6:15 of 2nd period - Snap shot by Michael Frolik.
6:15 of 2nd period - Stopped by Cory Schneider with a rebound.
6:27 of 2nd period - Wrist shot by Michael Frolik.
6:27 of 2nd period - Stopped by Cory Schneider with a rebound.
6:35 of 2nd period - Snap shot by Cory Emmerton.
6:35 of 2nd period - Shot Misses the Net.
6:39 of 2nd period - Snap shot by Alexander Frolov.
6:39 of 2nd period - Shot Blocked by Wes O'Neill.
6:41 of 2nd period - Slapshot by B.J. Crombeen.
6:41 of 2nd period - Goal by B.J. Crombeen - Stars : 2 - Golden Knights : 3.
6:42 of 2nd period - Thomas Vanek wins face-off versus John Tavares in neutral zone.
6:51 of 2nd period - Wrist shot by Wayne Simmonds.
6:51 of 2nd period - Stopped by Cory Schneider with a rebound.
6:53 of 2nd period - Slapshot by Michael Kostka.
6:53 of 2nd period - Shot Blocked by Tyson Barrie.
6:55 of 2nd period - Slapshot by Mathew Dumba.
6:55 of 2nd period - Stopped by Cory Schneider with a rebound.
7:09 of 2nd period - Paul Ladue is hit by Vladimir Zharkov and loses puck.
7:14 of 2nd period - Wrist shot by Andrei Loktionov.
7:14 of 2nd period - Stopped by Cory Schneider without a rebound.
7:15 of 2nd period - Andrei Loktionov wins face-off versus Antoine Vermette in Stars zone.
8:15 of 2nd period - Wrist shot by Michael Kostka.
8:15 of 2nd period - Goal by Michael Kostka - Stars : 2 - Golden Knights : 4.
8:15 of 2nd period - Matt Murray enters game.
8:16 of 2nd period - Chris Tierney wins face-off versus Antoine Vermette in neutral zone.
8:31 of 2nd period - Slapshot by Michael Kostka.
8:31 of 2nd period - Shot Misses the Net.
8:37 of 2nd period - Mathew Dumba is hit by Brian Lee and loses puck.
8:44 of 2nd period - Minor Penalty to Mathew Dumba for Elbowing.
8:45 of 2nd period - Michael Frolik wins face-off versus John Tavares in Golden Knights zone.
8:51 of 2nd period - Icing by Brian Lee.
8:52 of 2nd period - John Tavares wins face-off versus Michael Frolik in Stars zone.
9:21 of 2nd period - Slapshot by Ian White.
9:21 of 2nd period - Shot Blocked by Michael Kostka.
10:44 of 2nd period - Penalty to Mathew Dumba is over, Mathew Dumba is back on ice.
11:18 of 2nd period - Evgeny Grachev is hit by Nathan Horton and loses puck.
11:27 of 2nd period - Minor Penalty to Patrice Cormier for Charging.
11:28 of 2nd period - Michael Frolik wins face-off versus John Tavares in Golden Knights zone.
13:27 of 2nd period - Penalty to Patrice Cormier is over, Patrice Cormier is back on ice.
13:32 of 2nd period - Patrice Cormier is hit by John Tavares and loses puck.
13:45 of 2nd period - Evgeny Grachev is hit by Zach Bogosian and loses puck.
14:13 of 2nd period - Cory Emmerton is hit by Mathew Dumba and loses puck.
14:27 of 2nd period - Icing by Mathew Dumba.
14:28 of 2nd period - Andrei Loktionov wins face-off versus Evgeny Grachev in Golden Knights zone.
14:48 of 2nd period - Backhand shot by Michael Frolik.
14:48 of 2nd period - Stopped by Matt Murray without a rebound.
14:49 of 2nd period - Antoine Vermette wins face-off versus Matt Stajan in Stars zone.
14:49 of 2nd period - Antoine Vermette is hit by Jared Cowen.
15:15 of 2nd period - John Tavares is hit by Andrei Loktionov and loses puck.
15:38 of 2nd period - Thomas Vanek is hit by Brian Lee and loses puck.
15:47 of 2nd period - Wrist shot by Thomas Vanek.
15:47 of 2nd period - Stopped by Matt Murray without a rebound.
15:48 of 2nd period - Antoine Vermette wins face-off versus Ilya Kovalchuk in Stars zone.
16:01 of 2nd period - Wrist shot by Jussi Jokinen.
16:01 of 2nd period - Stopped by Matt Hackett without a rebound.
16:02 of 2nd period - John Tavares wins face-off versus Chris Tierney in Golden Knights zone.
16:03 of 2nd period - Slapshot by Guillaume Latendresse.
16:03 of 2nd period - Shot Misses the Net.
16:28 of 2nd period - Michael Kostka is hit by Jussi Jokinen and loses puck.
16:33 of 2nd period - Snap shot by Jussi Jokinen.
16:33 of 2nd period - Shot Blocked by Mathew Dumba.
16:35 of 2nd period - Wrist shot by Antoine Vermette.
16:35 of 2nd period - Stopped by Matt Hackett with a rebound.
16:37 of 2nd period - Slapshot by Paul Ladue.
16:37 of 2nd period - Stopped by Matt Hackett without a rebound.
16:38 of 2nd period - Antoine Vermette wins face-off versus Andrei Loktionov in Golden Knights zone.
16:45 of 2nd period - Wrist shot by Jussi Jokinen.
16:45 of 2nd period - Stopped by Matt Hackett with a rebound.
17:07 of 2nd period - Slapshot by Zach Bogosian.
17:07 of 2nd period - Deflect By Jussi Jokinen.
17:07 of 2nd period - Stopped by Matt Murray without a rebound.
17:08 of 2nd period - John Tavares wins face-off versus Chris Tierney in Stars zone.
17:08 of 2nd period - John Tavares is hit by Thomas Vanek.
17:20 of 2nd period - Wrist shot by Michael Grabner.
17:20 of 2nd period - Shot Blocked by Vladimir Mihalik.
17:38 of 2nd period - Minor Penalty to Brian Lee for Roughing.
17:39 of 2nd period - John Tavares wins face-off versus Andrei Loktionov in Stars zone.
17:39 of 2nd period - John Tavares is hit by Andrei Loktionov.
18:17 of 2nd period - Shane O'Brien is hit by Thomas Vanek and loses puck.
18:34 of 2nd period - Slapshot by Jared Cowen.
18:34 of 2nd period - Shot Misses the Net.
18:58 of 2nd period - Slapshot by Zach Bogosian.
18:58 of 2nd period - Shot Misses the Net.
19:00 of 2nd period - Snap shot by Michael Frolik.
19:00 of 2nd period - Golden Knights goal is going for a video replay.
19:00 of 2nd period - The goal is good.
19:00 of 2nd period - Goal by Michael Frolik - Stars : 2 - Golden Knights : 5.
19:01 of 2nd period - John Tavares wins face-off versus Patrice Cormier in neutral zone.
Goals for this period are 2 for Stars vs 3 for Golden Knights.
Shots for this period are 10 for Stars vs 16 for Golden Knights.
3rd period
0:01 of 3rd period - Matt Stajan wins face-off versus John Tavares in neutral zone.
0:06 of 3rd period - Snap shot by Michael Frolik.
0:06 of 3rd period - Deflect By Matt Stajan.
0:06 of 3rd period - Shot Blocked by Brian Lee.
0:06 of 3rd period - Puck is out of play.
0:07 of 3rd period - Matt Stajan wins face-off versus John Tavares in Stars zone.
0:32 of 3rd period - Snap shot by Michael Frolik.
0:32 of 3rd period - Shot Blocked by Guillaume Latendresse.
1:10 of 3rd period - Snap shot by Matt Stajan.
1:10 of 3rd period - Shot Misses the Net.
1:12 of 3rd period - Snap shot by Jared Cowen.
1:12 of 3rd period - Deflect By Michael Frolik.
1:12 of 3rd period - Stopped by Matt Murray with a rebound.
1:14 of 3rd period - Slapshot by Jared Cowen.
1:14 of 3rd period - Stopped by Matt Murray with a rebound.
1:16 of 3rd period - Snap shot by Ilya Kovalchuk.
1:16 of 3rd period - Deflect By Matt Stajan.
1:16 of 3rd period - Stopped by Matt Murray without a rebound.
1:17 of 3rd period - Andrei Loktionov wins face-off versus Antoine Vermette in Stars zone.
1:44 of 3rd period - Cory Emmerton is hit by Zach Bogosian and loses puck.
1:55 of 3rd period - Slapshot by Thomas Vanek.
1:55 of 3rd period - Shot Misses the Net.
2:15 of 3rd period - Slapshot by Zach Bogosian.
2:15 of 3rd period - Stopped by Matt Murray with a rebound.
2:31 of 3rd period - Snap shot by Alex Chiasson.
2:31 of 3rd period - Stopped by Matt Hackett with a rebound.
4:26 of 3rd period - Snap shot by John Tavares.
4:26 of 3rd period - Shot Blocked by Wes O'Neill.
4:47 of 3rd period - Icing by Antoine Vermette.
4:48 of 3rd period - Matt Stajan wins face-off versus Antoine Vermette in Stars zone.
6:02 of 3rd period - Slapshot by Jussi Jokinen.
6:02 of 3rd period - Shot Misses the Net.
6:04 of 3rd period - Snap shot by Jussi Jokinen.
6:04 of 3rd period - Deflect By Antoine Vermette.
6:04 of 3rd period - Stopped by Matt Hackett without a rebound.
6:05 of 3rd period - Andrei Loktionov wins face-off versus John Tavares in Golden Knights zone.
6:32 of 3rd period - Chris Tierney is hit by Ian White and loses puck.
6:44 of 3rd period - Icing by Zach Bogosian.
6:45 of 3rd period - Evgeny Grachev wins face-off versus Chris Tierney in Golden Knights zone.
7:20 of 3rd period - Minor Penalty to Boris Valabik for Roughing.
7:21 of 3rd period - Andrei Loktionov wins face-off versus John Tavares in Stars zone.
7:53 of 3rd period - Guillaume Latendresse is hit by Matt Stajan and loses puck.
9:20 of 3rd period - Penalty to Boris Valabik is over, Boris Valabik is back on ice.
9:28 of 3rd period - Zach Bogosian is hit by Jussi Jokinen and loses puck.
9:53 of 3rd period - Michael Kostka is hit by Ted Purcell.
10:08 of 3rd period - Off-side.
10:09 of 3rd period - Cory Emmerton wins face-off versus Chris Tierney in neutral zone.
10:34 of 3rd period - Slapshot by Zach Bogosian.
10:34 of 3rd period - Stopped by Matt Murray with a rebound.
10:36 of 3rd period - Slapshot by Patrice Cormier.
10:36 of 3rd period - Goal by Patrice Cormier - Stars : 2 - Golden Knights : 6.
10:37 of 3rd period - Andrei Loktionov wins face-off versus John Tavares in neutral zone.
10:50 of 3rd period - Slapshot by Andrei Loktionov.
10:50 of 3rd period - Stopped by Matt Murray without a rebound.
10:51 of 3rd period - Chris Tierney wins face-off versus John Tavares in Stars zone.
10:52 of 3rd period - Slapshot by Jared Cowen.
10:52 of 3rd period - Stopped by Matt Murray with a rebound.
11:08 of 3rd period - Snap shot by Thomas Vanek.
11:08 of 3rd period - Stopped by Matt Murray with a rebound.
11:11 of 3rd period - Icing by Brian Lee.
11:12 of 3rd period - John Tavares wins face-off versus Matt Stajan in Stars zone.
11:12 of 3rd period - John Tavares is hit by Michael Frolik.
11:28 of 3rd period - Snap shot by Guillaume Latendresse.
11:28 of 3rd period - Shot Misses the Net.
11:30 of 3rd period - Snap shot by Brian Lee.
11:30 of 3rd period - Goal by Brian Lee - Stars : 3 - Golden Knights : 6.
11:31 of 3rd period - John Tavares wins face-off versus Andrei Loktionov in neutral zone.
11:53 of 3rd period - Minor Penalty to Vladimir Zharkov for Hooking.
11:54 of 3rd period - John Tavares wins face-off versus Michael Frolik in Golden Knights zone.
13:32 of 3rd period - Michael Frolik is hit by Antoine Vermette and loses puck.
13:52 of 3rd period - Icing by Shane O'Brien.
13:53 of 3rd period - Penalty to Vladimir Zharkov is over, Vladimir Zharkov is back on ice.
13:53 of 3rd period - John Tavares wins face-off versus Patrice Cormier in Stars zone.
14:08 of 3rd period - Wayne Simmonds is hit by Alexander Frolov and loses puck.
14:41 of 3rd period - Minor Penalty to Ted Purcell for Hooking.
14:42 of 3rd period - John Tavares wins face-off versus Andrei Loktionov in Stars zone.
15:07 of 3rd period - Zach Bogosian is hit by Ian White and loses puck.
16:02 of 3rd period - Jussi Jokinen is hit by Thomas Vanek and loses puck.
16:41 of 3rd period - Penalty to Ted Purcell is over, Ted Purcell is back on ice.
16:54 of 3rd period - Snap shot by Nathan Horton.
16:54 of 3rd period - Goal by Nathan Horton - Stars : 3 - Golden Knights : 7.
16:55 of 3rd period - Patrice Cormier wins face-off versus Antoine Vermette in neutral zone.
17:04 of 3rd period - Slapshot by Jussi Jokinen.
17:04 of 3rd period - Shot Blocked by Shawn Matthias.
17:06 of 3rd period - Slapshot by Shane O'Brien.
17:06 of 3rd period - Shot Misses the Net.
17:07 of 3rd period - Nathan Horton and Shane O'Brien fight to a draw.
17:07 of 3rd period - Penalty to Nathan Horton for Fighting.
17:07 of 3rd period - Penalty to Shane O'Brien for Fighting.
17:08 of 3rd period - Michael Grabner wins face-off versus Michael Frolik in Golden Knights zone.
17:09 of 3rd period - Snap shot by John Tavares.
17:09 of 3rd period - Shot Blocked by Wes O'Neill.
17:11 of 3rd period - Snap shot by John Tavares.
17:11 of 3rd period - Stopped by Matt Hackett without a rebound.
17:12 of 3rd period - Matt Stajan wins face-off versus Michael Grabner in Golden Knights zone.
17:12 of 3rd period - Matt Stajan is hit by Guillaume Latendresse.
17:22 of 3rd period - Wrist shot by John Tavares.
17:22 of 3rd period - Shot Misses the Net.
17:24 of 3rd period - Snap shot by Guillaume Latendresse.
17:24 of 3rd period - Shot Misses the Net.
17:26 of 3rd period - Snap shot by Michael Grabner.
17:26 of 3rd period - Stopped by Matt Hackett with a rebound.
17:28 of 3rd period - Slapshot by Ian White.
17:28 of 3rd period - Deflect By Michael Frolik.
17:28 of 3rd period - Stopped by Matt Hackett with a rebound.
17:40 of 3rd period - Jussi Jokinen is hit by Chris Tierney and loses puck.
18:11 of 3rd period - Brian Lee is hit by Michael Kostka and loses puck.
18:28 of 3rd period - Wrist shot by Shawn Matthias.
18:28 of 3rd period - Stopped by Matt Murray with a rebound.
18:44 of 3rd period - Wrist shot by Michael Frolik.
18:44 of 3rd period - Shot Misses the Net.
19:54 of 3rd period - Michael Frolik is hit by Tyson Barrie and loses puck.
Goals for this period are 1 for Stars vs 2 for Golden Knights.
Shots for this period are 6 for Stars vs 11 for Golden Knights.